 Dungeon Crawl Stone Soup version 0.22.0-78-g6c94d2c (webtiles) character file.

2114 MalarOregon the Cleaver (level 9, -1/79 HPs)
             Began as a Hill Orc Monk on Sept 16, 2018.
             Was a Priest of Beogh.
             Killed from afar by an orc wizard (4 damage)
             ... with a puff of flame
             ... on level 8 of the Dungeon.
             The game lasted 00:12:06 (7967 turns).

MalarOregon the Cleaver (Hill Orc Monk)             Turns: 7967, Time: 00:12:07

Health: -1/79      AC: 12    Str: 14    XL:     9   Next: 29%
Magic:  2/13       EV:  9    Int: 16    God:    Beogh [***...]
Gold:   357        SH: 14    Dex: 13    Spells: 8/8 levels left

rFire    . . .     SeeInvis .   a - +1 hand axe
rCold    . . .     Gourm    .   j - +2 shield
rNeg     . . .     Faith    .   i - +1 ring mail
rPois    .         Spirit   .   f - +2 helmet {Int+3}
rElec    .         Reflect  +   p - +0 cloak
rCorr    .         Harm     .   v - +0 pair of gloves (curse)
MR       .....                  (no boots)
Stlth    +.........             e - +3 amulet of reflection
HPRegen  0.23/turn              (no ring)
MPRegen  0.13/turn              (no ring)

@: drained
A: no striking features
a: Smiting, Renounce Religion


You were on level 8 of the Dungeon.
You worshipped Beogh.
Beogh was most pleased with you.
You were not hungry.

You visited 1 branch of the dungeon, and saw 8 of its levels.

You collected 357 gold pieces.

Inventory:

Hand Weapons
 a - a +1 hand axe (weapon)
Missiles
 n - a tomahawk of dispersal (quivered)
Armour
 f - a +2 helmet of intelligence (worn)
 h - a +0 large shield
 i - a +1 ring mail (worn)
 j - a +2 shield (worn)
 p - a +0 cloak (worn)
 v - a cursed +0 pair of gloves (worn)
Jewellery
 e - a +3 amulet of reflection (around neck)
 r - an uncursed ring of poison resistance {unknown}
Scrolls
 d - 4 scrolls of fear
 l - 3 scrolls of identify
 o - 3 scrolls of remove curse
 q - 4 scrolls of teleportation
Potions
 b - 2 potions of flight
 g - a potion of might
 k - 2 potions of heal wounds
 m - a potion of lignification
 s - a potion of berserk rage
 t - a potion of invisibility {unknown}
 u - a potion of curing {unknown}
Comestibles
 c - 12 rations


   Skills:
 * Level 7.1(6.4) Fighting
 * Level 9.7(8.9) Axes
 * Level 5.6(4.8) Armour
 - Level 3.1(2.4) Dodging
 - Level 1.5(0.9) Stealth
 * Level 4.1(3.4) Shields
 * Level 5.6(4.9) Invocations


You had 8 spell levels left.
You didn't know any spells.
Your spell library contained the following spells:

 Spells                   Type           Power        Failure   Level  Hunger
 Animate Skeleton         Necr           N/A          91%         1    ##.....
 Apportation              Tloc           #.....       91%         1    ##.....
 Confusing Touch          Hex            #.....       91%         1    ##.....
 Summon Small Mammal      Summ           #...         91%         1    ##.....
 Confuse                  Hex            #.......     100%        3    ####...
 Gell's Gravitas          Tloc           #.........   100%        3    ####...
 Petrify                  Tmut/Erth      #.......     100%        4    #####..
 Metabolic Englaciation   Hex/Ice        #.........   100%        5    ######.
 Yara's Violent Unravell  Hex/Tmut       #.........   100%        5    ######.


Dungeon Overview and Level Annotations

Branches:
Dungeon (8/15)             Temple (0/1) D:6
   Lair: D:8-11

Altars:
Ashenzari
Dithmenos
Fedhas
Makhleb
Nemelex Xobeh

Shops:
D:7 (


Message History

Your orc hits the slime creature. Something hits you.
* * * LOW HITPOINT WARNING * * *
The slime creature closely misses your orc.
A slime creature suddenly becomes a large slime creature.
Your orc misses something.
You hear some strange, mumbled words.
A magic dart appears from out of thin air!
The magic dart hits you!
* * * LOW HITPOINT WARNING * * *
Your orc hits the large slime creature. Your orc misses something.
You hear some strange, mumbled words.
Something tries to affect you, but you resist.
Your orc hits the large slime creature but does no damage.
Your orc closely misses something.
Your orc hits the large slime creature.
You hear some strange, mumbled words.
A puff of flame appears from out of thin air!
The puff of flame hits you!
You die...
Beogh appreciates something's killing of a heretic priest.

#. ..... #.# .. .
#.# .#.# #.##.#(#
#.#....# #......##
#######.......##
.........@.....#
#####oo......##
#J#.....##
#)##....#
#.###.#.# #.# ##.#
#.# ###.### #.#
#..>..#
.#######.###.....#


You could see a large slime creature and 2 friendly orcs.

Vanquished Creatures
  An ice beast (D:6)
  A sky beast (D:6)
  2 phantoms
  6 ogres
  2 bullfrogs (D:6)
  A gnoll sergeant (D:6)
  4 scorpions
  5 wights (D:6)
  3 crimson imps
  A bullfrog zombie (D:7)
  2 hounds
  A jelly (D:7)
  3 orc wizards
  4 worker ants
  Robin (D:4)
  2 worker ant zombies (D:7)
  5 gnolls (D:6)
  9 adders
  A shadow imp (D:3)
  2 adder skeletons
  A dart slug (D:1)
  8 leopard geckos
  9 orcs
  5 giant cockroaches
  13 goblins
  11 hobgoblins
  9 jackals
  2 quokkas
  3 ball pythons
  5 bats
  2 frilled lizards
  A jackal skeleton (D:4)
  4 kobolds
  A leopard gecko zombie (D:5)
  A quokka zombie (D:5)
  7 rats
138 creatures vanquished.

Vanquished Creatures (collateral kills)
  A hound (D:8)
1 creature vanquished.

Vanquished Creatures (others)
  3 orcs (D:8)
  A jackal (D:4)
4 creatures vanquished.

Grand Total: 143 creatures vanquished

Notes
Turn   | Place    | Note
-------+----------+-------------------------------------------
     0 | D:1      | MalarOregon the Hill Orc Monk began the quest for the Orb.
     0 | D:1      | Reached XP level 1. HP: 19/19 MP: 1/1
   147 | D:1      | Reached XP level 2. HP: 10/27 MP: 2/2
   824 | D:1      | Reached skill level 1 in Armour
   846 | D:1      | Reached XP level 3. HP: 33/33 MP: 3/3
  1593 | D:2      | Reached skill level 5 in Axes
  1889 | D:2      | Noticed an ogre
  1906 | D:2      | Reached XP level 4. HP: 37/40 MP: 4/4
  2908 | D:4      | Reached XP level 5. HP: 44/47 MP: 5/5
  2986 | D:2      | Killed an ogre
  2986 | D:2      | Reached skill level 6 in Axes
  3520 | D:4      | Noticed a phantom
  3521 | D:4      | Became a worshipper of Beogh the Brigand
  3521 | D:4      | Reached * piety under Beogh
  3521 | D:4      | Reached ** piety under Beogh
  3544 | D:4      | Killed a phantom
  3544 | D:4      | Reached XP level 6. HP: 31/55 MP: 6/6
  4165 | D:4      | Noticed Robin
  4178 | D:4      | Killed Robin
  4178 | D:4      | Reached skill level 1 in Invocations
  4464 | D:5      | Entered Level 5 of the Dungeon
  4487 | D:5      | Reached skill level 5 in Fighting
  4487 | D:5      | Reached skill level 7 in Axes
  4671 | D:5      | Reached XP level 7. HP: 59/61 MP: 8/8
  4932 | D:5      | Reached skill level 1 in Shields
  5015 | D:5      | Found a shattered altar of Ashenzari.
  5032 | D:5      | Found a burning altar of Makhleb.
  5032 | D:5      | Found a blossoming altar of Fedhas.
  5099 | D:5      | Reached skill level 8 in Axes
  5449 | D:6      | Reached XP level 8. HP: 59/70 MP: 10/10
  6159 | D:6      | Reached *** piety under Beogh
  6183 | D:6      | Reached skill level 9 in Axes
  6186 | D:6      | Found a staircase to the Ecumenical Temple.
  6373 | D:6      | Reached skill level 5 in Armour
  6709 | D:6      | Reached skill level 5 in Invocations
  6878 | D:6      | Reached XP level 9. HP: 78/78 MP: 12/12
  7004 | D:6      | Found a shadowy altar of Dithmenos.
  7290 | D:7      | Found Vunemaqe's Antique Weapon Boutique.
  7505 | D:7      | Found a sparkling altar of Nemelex Xobeh.
  7807 | D:7      | Found a sparkling altar of Nemelex Xobeh.
  7965 | D:8      | HP: 2/79 [something/magic dart (3)]
  7967 | D:8      | Killed from afar by an orc wizard

Skill      XL: |  1  2  3  4  5  6  7  8  9 |
---------------+----------------------------+-----
Armour         | 1 2 3 4 5 |  5.6
Fighting       | 4 5 6 7 |  7.1
Axes           | 5 6 7 8 9 |  9.7
Dodging        | 3 |  3.1
Invocations    | 1 3 5 |  5.6
Shields        | 1 3 4 |  4.1
Stealth        | |  1.5

Action                   |  1- 3 |  4- 6 |  7- 9 || total
-------------------------+-------+-------+-------++-------
Melee: Hand axe          |   140 |   192 |   513 ||   845
Invok: Convert to Beogh  |       |     1 |       ||     1
       Smiting           |       |       |     4 ||     4
  Use: Potion            |       |     1 |       ||     1
       Scroll            |       |     9 |     5 ||    14
 Stab: Sleeping          |     6 |     1 |       ||     7
       Distracted        |     1 |       |     1 ||     2
  Eat: Chunk             |     3 |     9 |     8 ||    20
       Ration            |       |       |     1 ||     1
Armor: Robe              |    38 |    16 |       ||    54
       Ring mail         |       |    31 |   179 ||   210
Dodge: Dodged            |   109 |   124 |   109 ||   342
Block: Shield            |       |       |   245 ||   245
       Large shield      |       |       |    29 ||    29
